 Dungeon Crawl Stone Soup version 0.27.1 (webtiles) character file.

Game seed: 7296395494396969875

6630 ZARRMARR the Thaumaturge (level 10, -3/50 HPs)
             Began as a Deep Elf Earth Elementalist on Aug 30, 2021.
             Was a Priest of Sif Muna.
             Slain by a yak (14 damage)
             ... on level 10 of the Dungeon.
             The game lasted 01:30:23 (16343 turns).

ZARRMARR the Thaumaturge (DEEE)                    Turns: 16343, Time: 01:30:24

Health: -3/50      AC:  5    Str:  5    XL:     10   Next: 72%
Magic:  8/30       EV: 13    Int: 24    God:    Sif Muna [***...]
Gold:   478        SH:  0    Dex: 15    Spells: 32/38 levels left

rFire    . . .     SeeInvis +   f - staff of earth
rCold    . . .     Faith    .   (no shield)
rNeg     + . .     Spirit   .   a - +0 robe of Ru's Envy {Slay+3 SInv}
rPois    +         Reflect  .   B - +0 helmet of the Hills {rPois Will- rCorr}
rElec    .         Harm     .   A - +0 cloak
rCorr    +         Rampage  .   n - +0 pair of gloves
Will     .....                  (no boots)
Stlth    ++........             (no amulet)
HPRegen  0.16/turn              C - ring of flight
MPRegen  0.22/turn              j - ring of positive energy

@: channeling, flying
A: no striking features
a: Renounce Religion, Channel Magic, Forget Spell


You were on level 10 of the Dungeon.
You worshipped Sif Muna.
Sif Muna was most pleased with you.
You visited 2 branches of the dungeon, and saw 12 of its levels.
You also visited: Ossuary.

You collected 478 gold pieces.

Inventory:

Hand Weapons
 I - the +7 trident "Egyudim" {venom, Drain +Blink Str+5}
   (You found it on level 8 of the Dungeon)

   It poisons the flesh of those it strikes.
   Str:       It affects your strength (+5).
   +Blink:    It lets you blink.
   Drain:     It drains your maximum health when unequipped.
Missiles
 d - 131 arrows
 v - 5 throwing nets (quivered)
 w - 11 boomerangs
Armour
 a - the +0 robe of Ru's Envy (worn) {Slay+3 SInv}
   (You found it on level 7 of the Dungeon)

   Slay:      It affects your accuracy & damage with ranged weapons and melee
   (+3).
   SInv:      It lets you see invisible.
 n - a +0 pair of gloves (worn)
 A - a +0 cloak (worn)
 B - the +0 helmet of the Hills (worn) {rPois Will- rCorr}
   (You found it on level 7 of the Dungeon)

   rPois:     It protects you from poison.
   rCorr:     It protects you from acid and corrosion.
   Will:      It decreases your willpower.
 K - a +1 buckler of reflection
Magical Staves
 f - a staff of earth (weapon)
Jewellery
 j - a ring of positive energy (right hand)
 o - a ring of magical power
 C - a ring of flight (left hand)
Wands
 l - a wand of polymorph (10)
 m - a wand of mindburst (8)
 q - a wand of iceblast (14)
Scrolls
 b - a scroll of summoning {unknown}
 h - a scroll of immolation
 y - a scroll of amnesia {unknown}
 D - 2 scrolls of fog {unknown}
 H - a scroll of enchant armour {unknown}
Potions
 i - 7 potions of curing
 p - a potion of might {unknown}
 r - a potion of invisibility {unknown}
 s - 2 potions of lignification {unknown}
 t - a potion of resistance {unknown}
 x - 3 potions of haste {unknown}
 z - 2 potions of flight {unknown}
 E - 2 potions of attraction {unknown}
 F - 2 potions of brilliance {unknown}
 G - a potion of magic {unknown}
 L - a potion of ambrosia {unknown}


   Skills:
 + Level 3.1 Dodging
 - Level 2.4 Stealth
 + Level 14.6 Spellcasting
 - Level 2.6 Conjurations
 - Level 1.1 Transmutations
 + Level 12.3 Earth Magic
 + Level 0.1 Invocations


You had 32 spell levels left.
You knew the following spells:

 Your Spells              Type           Power      Damage    Failure   Level
a - Stone Arrow           Conj/Erth      100%       3d13      1%          3
b - Sandblast             Erth           100%       2d20      1%          1
c - Passwall              Tmut/Erth      54%        N/A       1%          2

Your spell library contained the following spells:

 Spells                   Type           Power      Damage    Failure   Level
 Petrify                  Tmut/Erth      65%        N/A       1%          4
 Corona                   Hex            18%        N/A       3%          1
 Ensorcelled Hibernation  Hex/Ice        34%        N/A       4%          2
 Gell's Gravitas          Tloc           8%         N/A       10%         3
 Lesser Beckoning         Tloc           8%         N/A       10%         3
 Swiftness                Air            17%        N/A       10%         3
 Teleport Other           Tloc           17%        N/A       10%         3
 Tukima's Dance           Hex            17%        N/A       10%         3
 Bolt of Magma            Conj/Fire/Erth 29%        4d13      12%         5
 Iskenderun's Battlesphe  Conj           30%        2d8       30%         5
 Fireball                 Conj/Fire      11%        3d7       47%         5
 Conjure Ball Lightning   Conj/Air       11%        3x3d6     96%         6
 Invisibility             Hex            8%         N/A       99%         6
 Orb of Destruction       Conj           15%        9d7       100%        7
 Shatter                  Erth           43%        3d33*     100%        9


Dungeon Overview and Level Annotations

Branches:
Dungeon (11/15)            Temple (1/1) D:6         Ossuary (visited)
   Lair: D:8-11         Orc: D:9-12

Altars:
Ashenzari
Cheibriados
Dithmenos
Elyvilon
Fedhas
Gozag
Hepliaklqana
Kikubaaqudgha
Makhleb
Nemelex Xobeh
Okawaru
Ru
Sif Muna
Trog
Uskayaw
Vehumet
Wu Jian
Xom
Yredelemnul
Zin
The Shining One

Shops:
D:6 *   D:7 *

Annotations:
D:9 Maurice
D:10 exclusion: ice statue


Message History

The centaur zombie is heavily damaged.
The yak bellows! x2; You hear a bellow!
The centaur zombie barely misses you. The centaur zombie misses you.
Unknown command.
You fail to use your ability.
The centaur zombie hits you but does no damage.
The centaur zombie misses you. The yak gores you.
The centaur zombie hits you but does no damage.
The centaur zombie kicks you but does no damage.
You fail to use your ability.
The yak gores you! The centaur zombie closely misses you.
The centaur zombie kicks you but does no damage.
Unknown command.
The yak closely misses you. The centaur zombie hits you.
The centaur zombie closely misses you.
Unknown command.
Unknown command.
Casting: Stone Arrow (safe; 1% risk of failure)
Confirm with . or Enter, or press ? or * to list all spells.
Aiming: Stone Arrow (safe; 1% risk of failure)
Press: ? - help, Shift-Dir - straight line, f/p - unseen horror
Aim: an unseen horror (moderately wounded, slightly transparent, 78% to hit)
You feel a surge of power!
The stone arrow hits the centaur zombie!!
You destroy the centaur zombie!
Sif Muna accepts your kill.
The yak bellows!
The unseen horror barely misses you. The yak gores you.
* * * LOW HITPOINT WARNING * * *
Casting: Stone Arrow (safe; 1% risk of failure)
Confirm with . or Enter, or press ? or * to list all spells.
Aiming: Stone Arrow (safe; 1% risk of failure)
Press: ? - help, Shift-Dir - straight line, f/p - unseen horror
Aim: an unseen horror (lightly wounded, slightly transparent, 78% to hit)
You feel a surge of power!
The stone arrow misses the unseen horror.
The unseen horror hits you.
* * * LOW HITPOINT WARNING * * *
The unseen horror misses you. The yak gores you!
You die...

...P.P._......
...##
###.......P....
............P.#
....P..PP.P.P..
.##............
.......>.#
.##.###Z.# #x##
#@# .. #Y# ..
#Y# ##


#YY ... #Y## ##'# ##..Y. .... You could see 6 yaks, an unseen horror (invisible)
and a centaur zombie.

Vanquished Creatures
  2 ice devils (D:10)
  A troll (D:9)
  Sigmund (D:3)
  A wyvern (D:11)
  A basilisk (D:11)
  4 yaks
  2 steam dragons
  3 vampire mosquitoes (D:11)
  2 water moccasins
  An ice beast (D:5)
  A sky beast (D:8)
  2 orc warriors
  4 ogres
  3 black bears
  A centaur (D:6)
  A kobold brigand (D:9)
  A bullfrog (D:7)
  2 wyvern zombies
  3 scorpions
  4 water moccasin zombies
  A gnoll sergeant (D:8)
  An elf skeleton (D:7)
  8 killer bees
  8 wights (D:8)
  5 howler monkeys
  2 bullfrog zombies
  A centaur zombie (D:10)
  A human zombie (D:7)
  6 orc priests
  2 hounds
  3 jellies
  2 bullfrog skeletons
  A gnoll shaman (D:8)
  3 iguanas
  2 human skeletons (D:7)
  6 orc wizards
  2 mummies (Ossuary)
  A howler monkey zombie (D:5)
  19 gnolls
  A howler monkey skeleton (D:7)
  5 adders
  3 shadow imps
  9 ufetubi
  2 adder skeletons (D:4)
  4 adder zombies (Ossuary)
  3 dart slugs
  31 orcs
  7 ball pythons
  4 bats
  13 endoplasms
  5 giant cockroaches
  5 gnoll zombies (Ossuary)
  9 goblins
  10 hobgoblins
  14 jackals
  11 kobolds
  3 quokkas
  3 frilled lizards
  3 hobgoblin zombies (Ossuary)
  5 kobold zombies (Ossuary)
  2 orc skeletons (D:7)
  6 orc zombies (Ossuary)
  7 rats
279 creatures vanquished.

Vanquished Creatures (others)
  A gnoll (D:8)
  18 fungi
  A plant (D:9)
20 creatures vanquished.

Grand Total: 299 creatures vanquished

Notes
Turn   | Place    | Note
-------+----------+-------------------------------------------
     0 | D:1      | ZARRMARR the Deep Elf Earth Elementalist began the quest
                  | for the Orb.
     0 | D:1      | Reached XP level 1. HP: 10/10 MP: 6/6
   124 | D:1      | Reached XP level 2. HP: 15/15 MP: 0/8
   665 | D:1      | Reached XP level 3. HP: 14/19 MP: 10/10
   752 | D:1      | Learned a level 3 spell: Stone Arrow
  2793 | D:2      | Reached XP level 4. HP: 24/24 MP: 7/11
  2802 | D:2      | Reached skill level 4 in Spellcasting
  2975 | D:2      | Reached skill level 5 in Earth Magic
  3000 | D:2      | Reached skill level 1 in Conjurations
  3351 | D:2      | Reached XP level 5. HP: 28/28 MP: 9/13
  4661 | D:3      | Reached skill level 5 in Spellcasting
  4956 | D:3      | Noticed Sigmund
  5105 | D:4      | Reached XP level 6. HP: 26/32 MP: 0/16
  5963 | D:4      | Reached skill level 6 in Spellcasting
  6145 | D:4      | Found a hazy altar of Hepliaklqana.
  6746 | D:5      | Entered Level 5 of the Dungeon
  7004 | D:5      | Reached XP level 7. HP: 36/36 MP: 5/18
  7386 | D:5      | Reached skill level 7 in Spellcasting
  7869 | D:5      | Identified the +1 chain mail "Dungal" {Harm rF- rC- Int+9}
  7906 | D:5      | Learned a level 2 spell: Passwall
  8199 | D:3      | Identified a scroll of acquirement
  8200 | D:3      | Acquired a book of Displacement
  9043 | D:6      | Reached skill level 8 in Spellcasting
  9043 | D:6      | Reached XP level 8. HP: 41/41 MP: 15/22
  9378 | D:6      | Found a staircase to the Ecumenical Temple.
  9390 | Temple   | Entered the Ecumenical Temple
  9501 | Temple   | Became a worshipper of Sif Muna the Loreminder
  9619 | D:6      | Reached skill level 9 in Spellcasting
  9882 | D:6      | Found Xorhahot's Wicked Wares.
 10351 | D:7      | Reached skill level 10 in Spellcasting
 10389 | D:7      | Found Orulum's Elemental Accessories.
 10507 | D:7      | Reached XP level 9. HP: 45/45 MP: 1/25
 10561 | D:7      | Identified the +0 helmet of the Hills {rPois Will- rCorr}
 10585 | D:7      | Reached * piety under Sif Muna
 10620 | D:7      | Found a sand-covered staircase.
 10626 | Ossuary  | Entered an ossuary
 11095 | Ossuary  | Reached ** piety under Sif Muna
 11156 | D:7      | Reached skill level 11 in Spellcasting
 11238 | D:7      | Identified the +0 robe of Ru's Envy {Slay+3 SInv}
 12644 | D:3      | Killed Sigmund
 12645 | D:3      | Reached skill level 10 in Earth Magic
 12936 | D:8      | Identified the +2 hunting sling "Spiderslayer" {speed, rN+}
 13011 | D:8      | Identified the +7 trident "Egyudim" {venom, Drain +Blink
                  | Str+5}
 13253 | D:8      | Reached skill level 12 in Spellcasting
 14089 | D:9      | Noticed a two-headed ogre
 14407 | D:9      | Found a blossoming altar of Fedhas.
 14554 | D:10     | Entered Level 10 of the Dungeon
 14555 | D:10     | Noticed a troll
 14674 | D:9      | Reached XP level 10. HP: 30/50 MP: 20/28
 14862 | D:9      | Noticed Maurice
 15102 | D:9      | Reached skill level 13 in Spellcasting
 15573 | D:10     | Noticed an ice statue
 15741 | D:10     | Reached *** piety under Sif Muna
 15849 | D:10     | Noticed a gargoyle
 15854 | D:10     | Noticed a gargoyle
 16073 | D:11     | Noticed a boulder beetle
 16174 | D:11     | Reached skill level 14 in Spellcasting
 16284 | D:11     | Noticed an elephant
 16286 | D:11     | Noticed a death yak
 16324 | D:10     | Found a sacrificial altar of Ru.
 16343 | D:10     | Slain by a yak

Illustrated notes

Levels and vault maps discovered:
D:1:      minmay_arrival_jagged, layout_basic, hangedman_glass_teeth
D:2:      minmay_chambers_of_twos, layout_basic
D:3:      layout_loops_cross, chequers_jeans, chequers_serial_rivers_large_a,
          minmay_misc_feat_tiny, uniq_sigmund
D:4:      layout_basic, overflow_temple_1_default, minmay_circle_x
D:5:      layout_gridville, chequers_hall_statues_wall_a
D:6:      black_bear_nest_1, layout_rooms, temple_statues, nicolae_evil_shop
D:7:      layout_loops_ring, nicolae_ossuary_entry_catacombs,
          nicolae_elemental_shop
D:8:      layout_basic
D:9:      layout_loops_ring, mainiacjoe_overflow_alcove_2, fedhas_altar_3,
          serial_park_tiny_2, grunt_ministairs_9,
          minmay_fractal_squares_gapless_5, uniq_maurice, uniq_maggie
D:10:     cheibrodos_frozen_isle, layout_basic,
          mainiacjoe_overflow_cross_hatched, minmay_chambers_of_fives
D:11:     layout_irregular_city, david_lair_generic, nicolae_uskayaw_suspiria
Temple:   compressed_dpeg_circular_temple

Skill      XL: |  1  2  3  4  5  6  7  8  9 10 |
---------------+-------------------------------+-----
Earth Magic    | 4 5 6 7 9 11 12 | 12.3
Spellcasting   | 4 5 6 8 10 12 14 | 14.6
Conjurations   | 1 2 |  2.6
Dodging        | 3 |  3.1
Stealth        | |  2.4
Transmutations | |  1.1
Invocations    | |  0.1

Action                   |  1- 3 |  4- 6 |  7- 9 | 10-12 || total
-------------------------+-------+-------+-------+-------++-------
Melee: Unarmed           |    22 |       |     3 |       ||    25
Throw: Dart              |       |    11 |    95 |    21 ||   127
       Boomerang         |       |       |    26 |     1 ||    27
       Javelin           |       |       |       |     3 ||     3
       Stone             |       |       |       |     1 ||     1
 Cast: Sandblast         |    32 |    26 |   106 |    37 ||   201
       Stone Arrow       |    21 |    79 |   111 |    29 ||   240
       Passwall          |       |       |       |     1 ||     1
Invok: Channel Magic     |       |       |     1 |     1 ||     2
Evoke: Wand              |       |       |       |    24 ||    24
  Use: Scroll            |     1 |     4 |     5 |    10 ||    20
       Potion            |       |       |       |     4 ||     4
Armor: Robe              |     6 |     4 |     4 |    23 ||    37
Dodge: Dodged            |    21 |     9 |    20 |    45 ||    95
